 Dungeon Crawl Stone Soup version 0.18-a0-29-gce27f3c (webtiles) character file.

708 Hanyuu the Insei (level 7, -4/45 HPs)
             Began as an Octopode Transmuter on Nov 4, 2015.
             Was an Initiate of Makhleb.
             Slain by Edmund
             ... wielding a +5 flail of draining
              (8 damage)
             ... on level 5 of the Dungeon.
             The game lasted 00:11:32 (5132 turns).

Hanyuu the Insei (Octopode Transmuter)              Turns: 5132, Time: 00:11:32

Health: -4/45      AC:  1    Str:  9    XL:     7   Next: 67%
Magic:  7/10       EV: 13    Int: 18    God:    Makhleb [......]
Gold:   241        SH:  0    Dex: 12    Spells: 3 memorised, 4 levels left

rFire  x . .     SeeInvis .       - Unarmed
rCold  + . .     Clarity  .     (no shield)
rNeg   + . .     SustAt   .     (helmet restricted)
rPois  +         Gourm    .     g - amulet of warding
rElec  .         Spirit   .     e - ring of ice
rCorr  .         Warding  +     p - ring of poison resistance
rMut   .         Stasis   .     (no ring)
MR     .....                    (no ring)
Stlth  ++........               (no ring)
                                (no ring)
                                (no ring)
                                (no ring)

@: confused, very slightly contaminated, drained, not resistant to hostile
enchantments, unstealthy
A: almost no armour, amphibious, 8 rings, constrict 8, camouflage 1, gelatinous
body 1
a: Renounce Religion


You were on level 5 of the Dungeon.
You worshipped Makhleb.
Makhleb was noncommittal.
You were hungry.

You visited 2 branches of the dungeon, and saw 6 of its levels.

You collected 241 gold pieces.

Inventory:

Missiles
 a - 12 arrows
 w - 3 tomahawks (quivered)
 x - 16 arrows of flame
Jewellery
 e - a ring of ice (left tentacle)
 g - an amulet of warding (around mantle)
 p - a ring of poison resistance (right tentacle)
Wands
 r - a wand of magic darts (26)
 z - a wand of digging (16)
 A - a wand of fire (12)
 E - a wand of cold (12)
Scrolls
 j - a scroll of identify
 l - a scroll of noise
 n - 3 scrolls of fog
 t - a scroll of amnesia {unknown}
 u - a scroll of blinking {unknown}
 y - a scroll of magic mapping {unknown}
 B - 2 scrolls of teleportation {unknown}
 C - a scroll of enchant armour {unknown}
 F - a scroll of remove curse {unknown}
 G - a scroll of fear
Potions
 d - 4 potions of heal wounds
 h - a potion of resistance
 k - a potion of flight
 m - a potion of berserk rage
 s - a potion of mutation
Books
 b - a book of Changes

   Spells                             Type                      Level
   a - Beastly Appendage              Transmutation                1
   b - Sticks to Snakes               Transmutation                2
   c - Spider Form                    Transmutation/Poison         3
   d - Ice Form                       Ice/Transmutation            4
   e - Blade Hands                    Transmutation                5
Comestibles
 c - 3 bread rations
 f - 3 meat rations
 i - a fruit
 o - a beef jerky
 v - a slice of pizza


   Skills:
 - Level 2.0(1.2) Fighting
 - Level 4.0(3.2) Dodging
 - Level 6.1(5.3) Unarmed Combat
 - Level 2.0(1.2) Spellcasting
 * Level 4.8(4.0) Transmutations
 - Level 1.0(0.3) Poison Magic


You had 4 spell levels left.
You knew the following spells:

 Your Spells              Type           Power        Failure   Level  Hunger
a - Beastly Appendage     Trmt           ###...       4%          1    ##.....
b - Sticks to Snakes      Trmt           ###.......   8%          2    ###....
c - Spider Form           Trmt/Pois      #.........   24%         3    ####...


Dungeon Overview and Level Annotations

Branches:
Dungeon (5/15)             Temple (1/1) D:4

Altars:
Cheibriados
Dithmenos
Elyvilon
Kikubaaqudgha
Makhleb
Nemelex Xobeh
Qazlal
Ru
Trog
Vehumet
Xom
Zin

Annotations:
D:5 Edmund


Innate Abilities, Weirdness & Mutations

You cannot wear most types of armour.
You are amphibious.
You can wear up to eight rings at the same time.
You can use your tentacles to constrict eight enemies at once.
Your skin changes colour to match your surroundings (Stealth).
Your rubbery body absorbs attacks (AC +1).


Message History

Edmund zaps a wand.
You resist with some effort.
You bump into the rock wall.
Edmund zaps a wand.
You resist with some effort.
You bump into the rock wall.
You flicker back into view.
Edmund hits you with a flail of draining!
You partially resist.
You feel drained.
You tentacle-slap Edmund.
Edmund is severely wounded.
Edmund says, "People think my brother is the best.
I think he's crazy."
You bump into the rock wall.
Edmund zaps a wand.
You resist with some effort.
You closely miss Edmund.
Edmund is severely wounded.
Edmund hits you with a flail of draining!
* * * LOW HITPOINT WARNING * * *
You partially resist.
You feel drained.
* * * LOW HITPOINT WARNING * * *
You barely miss Edmund.
Edmund is severely wounded.
Edmund hits you with a flail of draining!
You die...

......#
#.....##############
......# +.....#....# .
......# #.....#....# ..
......# #...[.'....#....
......# #.....#....'....
......+ #.....#...##....
......######.....#...##....
.................#.........
................@#.........
.....@...........@.........
.................#.........
.................##..####..
..#+# ##########..####...
..# #.............. ..#
#.............. ..#
#.............. ..#
#..............


You could see Edmund.

Vanquished Creatures
  Prince Ribbit (D:5)
  An ice beast (D:5)
  2 orc priests (D:4)
  An orc wizard (D:4)
  A giant frog skeleton (D:4)
  Terence (D:3)
  3 worker ants
  7 adders
  A shadow imp (D:5)
  2 worms
  An adder skeleton (D:4)
  20 orcs
  2 ball pythons
  2 bat zombies (D:5)
  9 goblins
  11 hobgoblins
  12 jackals
  5 kobolds
  2 quokkas
  5 bats
  2 giant cockroaches
  3 giant geckos
  4 giant newts
  A jackal skeleton (D:4)
  5 rats
  2 rat zombies (D:5)
106 creatures vanquished.

Notes
Turn   | Place    | Note
--------------------------------------------------------------
     0 | D:1      | Hanyuu the Octopode Transmuter began the quest for the Orb.
     0 | D:1      | Reached XP level 1. HP: 13/13 MP: 3/3
   472 | D:1      | Reached XP level 2. HP: 18/18 MP: 5/5
  1053 | D:1      | Reached skill level 4 in Unarmed Combat
  1212 | D:2      | Reached XP level 3. HP: 19/23 MP: 6/6
  1333 | D:2      | Learned a level 2 spell: Sticks to Snakes
  1337 | D:2      | Learned a level 3 spell: Spider Form
  1357 | D:2      | Reached skill level 1 in Poison Magic
  1720 | D:2      | Reached XP level 4. HP: 27/29 MP: 5/7
  2044 | D:3      | Noticed Terence
  2059 | D:3      | Killed Terence
  2322 | D:3      | Reached XP level 5. HP: 34/34 MP: 6/8
  2870 | D:4      | Reached skill level 5 in Unarmed Combat
  3028 | D:4      | Reached XP level 6. HP: 17/39 MP: 5/9
  3303 | D:4      | Found a staircase to the Ecumenical Temple.
  3428 | Temple   | Entered the Ecumenical Temple
  3470 | Temple   | Became a worshipper of Makhleb the Destroyer
  3884 | D:4      | Found a white marble altar of Elyvilon.
  4221 | D:5      | Entered Level 5 of the Dungeon
  4224 | D:5      | Noticed Prince Ribbit
  4240 | D:5      | Killed Prince Ribbit
  4240 | D:5      | Reached XP level 7. HP: 33/45 MP: 7/10
  4270 | D:5      | Noticed Edmund
  4368 | D:5      | Found a sparkling altar of Nemelex Xobeh.
  4504 | D:5      | Found a snail-covered altar of Cheibriados.
  4539 | D:5      | Reached skill level 6 in Unarmed Combat
  4815 | D:5      | Found an ancient bone altar of Kikubaaqudgha.
  4849 | D:5      | Found a glowing silver altar of Zin.
  5132 | D:5      | Slain by Edmund

Vault maps used:
D:1:      minmay_arrival_widening_spiral_wide, minmay_strange_pillars,
          hangedman_feature_mirror
D:2:      lemuel_upstairs_altar, grunt_decor_clamped
D:3:      corexii_hall_statues_x, uniq_terence
D:4:      kennysheep_mini, minmay_temple_entry_grid, serial_bayou_pond_a,
          item_on_display_a
D:5:      lemuel_crystal_altar, zin_statuary, lemuel_zombie_altar_kikubaaqudgha,
          first_bread, nemelex_diamond_rough_becter, uniq_edmund,
          uniq_prince_ribbit1
Temple:   temple_island_7

Action                   |  1- 3 |  4- 6 |  7- 9 || total
-------------------------+-------+-------+-------++-------
Melee: Unarmed           |    78 |   164 |    68 ||   310
 Cast: Beastly Appendage |     7 |     9 |     2 ||    18
       Spider Form       |     1 |     6 |     3 ||    10
 Abil: End Transformatio |     1 |       |       ||     1
  Use: Potion            |     1 |       |     1 ||     2
       Scroll            |       |     7 |     4 ||    11
 Stab: Sleeping          |     7 |     3 |       ||    10
       Distracted        |       |     1 |       ||     1
       Invisible         |       |       |     1 ||     1
  Eat: Chunk             |     3 |     8 |     2 ||    13
       Fruit             |       |       |     2 ||     2
